 Dungeon Crawl Stone Soup version 0.30-a0-134-gb40fab5c76 (webtiles) character file.

Game seed: 13123259441591967487

7604 Casaw the Covert (level 10, -3/49 HPs)
             Began as a Spriggan Enchanter on Sept 19, 2022.
             Was an Elder of Dithmenos.
             Slain by an orc knight (14 damage)
             ... in a bailey.
             The game lasted 00:33:40 (11243 turns).

Casaw the Covert (Spriggan Enchanter)              Turns: 11243, Time: 00:33:41

Health: -3/49      AC: 10    Str:  8    XL:     10   Next: 97%
Magic:  1/25       EV: 21    Int: 17    God:    Dithmenos [****..]
Gold:   568        SH:  0    Dex: 16    Spells: 19/30 levels left

rFire   . . .      SeeInvis +    a - +4 dagger (vorpal)
rCold   . . .      Faith    .    (no shield)
rNeg    + . .      Spirit   .    b - +1 robe
rPois   .          Reflect  .    v - +2 hat
rElec   .          Harm     .    u - +2 cloak
rCorr   .          Rampage  .    (gloves unavailable)
Will    +....                    (boots unavailable)
Stlth   ++++++++..               (no amulet)
HPRegen 0.16/turn                q - ring of positive energy
MPRegen 0.19/turn                (no ring)

@: wreathed by umbra, invisible (expiring), very quick
A: very small, no large weapons, unfitting armour, see invisible, speed 3,
iridescent scales 1
a: Renounce Religion, Shadow Step


You were in a bailey.
You worshipped Dithmenos.
Dithmenos was greatly pleased with you.
You visited 1 branch of the dungeon, and saw 9 of its levels.
You also visited: Sewer, Ossuary and Bailey.

You collected 628 gold pieces.
You spent 60 gold pieces at shops.

Inventory:

Hand Weapons
 a - a +4 vorpal dagger (weapon)
Missiles
 k - 11 poisoned darts (quivered)
 w - 2 throwing nets
Armour
 b - a +1 robe (worn)
 u - a +2 cloak (worn)
 v - a +2 hat (worn)
Jewellery
 m - a ring of ice
 q - a ring of positive energy (left hand)
Wands
 f - a wand of mindburst (11)
 y - a wand of iceblast (2)
Scrolls
 h - 5 scrolls of enchant armour
 l - 4 scrolls of teleportation
 n - a scroll of fog
 s - a scroll of blinking
 x - 2 scrolls of vulnerability
Potions
 c - 6 potions of invisibility
 d - 5 potions of brilliance
 e - 5 potions of heal wounds
 g - 2 potions of haste
 i - a potion of lignification
 j - a potion of ambrosia
 o - 4 potions of magic
 p - 4 potions of curing
 r - a potion of berserk rage
 t - a potion of flight
 A - a potion of experience {unknown}
 C - 2 potions of cancellation


   Skills:
 + Level 3.9 Fighting
 + Level 5.5 Short Blades
 + Level 7.0 Dodging
 + Level 12.8 Stealth
 + Level 10.8 Spellcasting
 + Level 11.0 Hexes


You had 19 spell levels left.
You knew the following spells:

 Your Spells              Type           Power      Damage    Failure   Level
a - Ensorcelled Hibernat  Hex/Ice        54%        N/A       1%          2
b - Tukima's Dance        Hex            46%        N/A       1%          3
c - Dazzling Flash        Conj/Hex       54%        N/A       2%          3
d - Confusing Touch       Hex            46%        N/A       1%          3

Your spell library contained the following spells:

 Spells                   Type           Power      Damage    Failure   Level
 Scorch                   Fire           18%        2d5       12%         2
 Sublimation of Blood     Necr           9%         N/A       12%         2
 Metabolic Englaciation   Hex/Ice        13%        N/A       22%         5
 Frozen Ramparts          Ice            18%        1d3       24%         3
 Ozocubu's Armour         Ice            9%         N/A       24%         3
 Flame Wave               Conj/Fire      9%         2d6       61%         4
 Ice Form                 Ice/Tmut       9%         N/A       61%         4
 Petrify                  Tmut/Erth      9%         N/A       61%         4
 Summon Ice Beast         Ice/Summ       9%         N/A       61%         4
 Irradiate                Conj/Tmut      4%         3d13      91%         5
 Simulacrum               Ice/Necr       4%         N/A       100%        6
 Summon Cactus Giant      Summ           4%         N/A       100%        6


Dungeon Overview and Level Annotations

Branches:
Dungeon (9/15)             Temple (0/1) D:5           Sewer (visited)
Ossuary (visited)          Bailey (1/1)
   Lair: D:8-11         Orc: D:9-12

Altars:
Cheibriados
Dithmenos
Hepliaklqana
Nemelex Xobeh
Trog
Uskayaw
Vehumet
Yredelemnul

Shops:
D:1 **[(


Innate Abilities, Weirdness & Mutations

You are very small and have problems with some larger weapons.
You are too small for most types of armour.
You have supernaturally acute eyesight. (SInv)
You cover ground extremely quickly. (Speed+++)
You are partially covered in iridescent scales. (AC +2)


Message History

The orc knight is moderately wounded.
Your shadow hits the orc knight with a dagger.
The orc knight hits you!
Your +0 glaive hits the orc knight from afar!!
Unknown command.
You are too injured to fight recklessly!
You are too injured to fight recklessly!
Unknown command.
You are too injured to fight recklessly!
Unknown command.
You are too injured to fight recklessly!
Unknown command.
You are too injured to fight recklessly!
Unknown command.
You barely miss the orc knight.
The orc knight is severely wounded.
The orc warrior hits you!
* * * LOW HITPOINT WARNING * * *
You flicker for a moment.
Things that are here:
a +0 halberd; a +0 plate armour; an orc corpse Your +0 glaive closely misses the orc knight.
You feel a little less mighty now.
Your +0 bardiche hits the orc warrior.
Your +0 glaive hits the orc knight from afar!
The orc warrior hits your +0 bardiche!
The orc warrior no longer looks unusually strong.
Your +0 bardiche hits the orc warrior!
There is a huge open gate here.
Casting: Tukima's Dance (safe; 1% risk of failure)
Confirm with . or Enter, or press ? or * to list all spells.
Aiming: Ensorcelled Hibernation (safe; 1% risk of failure)
Press: ? - help, Shift-Dir - straight line, f - orc knight, p - orc warrior
Aim: an orc knight, wearing a +0 ring mail (severely wounded, strong, unable to see you, ally target, umbra, chance to affect: 40%)
The orc knight resists with some effort.
Unknown command.
You closely miss the orc knight.
The orc knight is severely wounded.
The orc knight hits you!
You die...

#..???..#
#.......#
#.......#
#.......#
#.).....#
#....(..#
#...)...#
##[(.o.##
#''o@'#
##...))##
#)))))).#
#..)....#
#.......#
#..#.#..#
#.......#
##.....##
##'''##


You could see an orc knight (strong, unable to see you, ally target), an orc
warrior (unable to see you, ally target) and 2 friendly dancing weapons.

Vanquished Creatures
  Erica (D:8)
  Pikel (D:8)
  2 orc knights (Bailey)
  Joseph (D:7)
  2 hornets
  2 wyverns
  2 humans (D:7)
  Grum (D:8)
  A steam dragon (D:9)
  Menkaure (D:7)
  4 water moccasins
  5 orc warriors
  2 ice beasts
  An ogre (D:6)
  3 wolves (D:8)
  A lemure (D:8)
  A phantom (D:7)
  An elf zombie (D:5)
  3 bullfrogs
  A necrophage (D:6)
  An elf skeleton (D:5)
  4 scorpions
  2 wights (D:8)
  4 killer bees (D:8)
  A centaur zombie (Ossuary)
  3 hounds
  3 gnoll boudas
  2 jellies
  6 orc priests
  2 human skeletons (D:5)
  4 iguanas
  5 orc wizards
  2 mummies (Ossuary)
  Robin (D:2)
  11 gnolls
  10 adders
  A river rat (Sewer)
  A shadow imp (D:7)
  A white imp (D:5)
  An ufetubus (D:6)
  2 worms
  2 dart slugs
  46 orcs
  6 bats
  10 endoplasms
  6 giant cockroaches
  3 gnoll zombies (Ossuary)
  18 goblins
  8 hobgoblins
  8 kobolds
  A quokka (D:4)
  11 ball pythons
  7 frilled lizards
  3 goblin zombies (Ossuary)
  3 hobgoblin zombies (Ossuary)
  An orc skeleton (D:5)
  5 orc zombies
  5 rats
246 creatures vanquished.

Vanquished Creatures (collateral kills)
  4 orc warriors
  A bullfrog (D:6)
  A wight (D:8)
  2 gnolls (D:8)
  A shadow imp (D:8)
  An orc (D:9)
10 creatures vanquished.

Vanquished Creatures (others)
  4 dancing weapons
4 creatures vanquished.

Grand Total: 260 creatures vanquished

Notes
Turn   | Place    | Note
-------+----------+-------------------------------------------
     0 | D:1      | Casaw the Spriggan Enchanter began the quest for the Orb.
     0 | D:1      | Reached XP level 1. HP: 9/9 MP: 5/5
   124 | D:1      | Found Kolasked's Antique Armour Emporium.
   246 | D:1      | Found Sagin's Weapon Emporium.
   359 | D:1      | Found Xiaschij's Assorted Antiques.
   370 | D:1      | Reached XP level 2. HP: 13/13 MP: 7/7
   373 | D:1      | Learned a level 2 spell: Ensorcelled Hibernation
   491 | D:1      | Found a faded altar of an unknown god.
   596 | D:1      | Found Doeroaco's General Store.
   670 | D:1      | Bought a scroll of identify for 22 gold pieces
  1311 | D:2      | Reached XP level 3. HP: 16/16 MP: 9/9
  1315 | D:2      | Learned a level 3 spell: Tukima's Dance
  1319 | D:2      | Learned a level 3 spell: Confusing Touch
  1507 | D:2      | Noticed Robin
  1684 | D:2      | Killed Robin
  1892 | D:2      | Gained mutation: You occasionally lose the ability to read
                  | scrolls when taking damage. [potion of mutation]
  1892 | D:2      | Gained mutation: Armour fits poorly on your strangely
                  | shaped body. [potion of mutation]
  1892 | D:2      | Gained mutation: You are agile. (Dex +4, Str/Int -1)
                  | [potion of mutation]
  2078 | D:2      | Reached skill level 5 in Hexes
  2078 | D:2      | Reached XP level 4. HP: 21/21 MP: 8/11
  2385 | D:3      | Learned a level 3 spell: Dazzling Flash
  2460 | D:1      | Bought a scroll labelled MAMORU VAXZO for 20 gold pieces
  2460 | D:1      | Bought a viscous yellow potion for 18 gold pieces
  2604 | D:3      | Found a radiant altar of Vehumet.
  2810 | D:3      | Lost mutation: You occasionally lose the ability to read
                  | scrolls when taking damage. [potion of mutation]
  2810 | D:3      | Lost mutation: Armour fits poorly on your strangely shaped
                  | body. [potion of mutation]
  2810 | D:3      | Lost mutation: You are agile. (Dex +4, Str/Int -1) [potion
                  | of mutation]
  2810 | D:3      | Gained mutation: Your body sometimes deteriorates upon
                  | taking damage. [potion of mutation]
  3167 | D:4      | Found a bloodstained altar of Trog.
  3195 | D:4      | Found a snail-covered altar of Cheibriados.
  3339 | D:4      | Found a shadowy altar of Dithmenos.
  3349 | D:4      | Noticed a scorpion
  3359 | D:4      | Became a worshipper of Dithmenos the Shadowed
  3364 | D:4      | Killed a scorpion
  3365 | D:4      | Reached skill level 5 in Spellcasting
  3365 | D:4      | Reached XP level 5. HP: 23/24 MP: 6/13
  3699 | D:4      | Reached skill level 5 in Stealth
  3699 | D:4      | Reached XP level 6. HP: 28/28 MP: 13/15
  4726 | D:5      | Entered Level 5 of the Dungeon
  4775 | D:5      | Found a staircase to the Ecumenical Temple.
  4811 | D:5      | Reached skill level 6 in Stealth
  4881 | D:5      | Reached XP level 7. HP: 15/32 MP: 12/17
  5050 | D:5      | Found a sand-covered staircase.
  5070 | Ossuary  | Entered an ossuary
  5496 | Ossuary  | Reached * piety under Dithmenos
  5601 | Ossuary  | Reached skill level 7 in Stealth
  5996 | D:5      | Found a hide-covered altar of Uskayaw.
  6159 | D:5      | Reached skill level 8 in Stealth
  6159 | D:5      | Reached XP level 8. HP: 36/36 MP: 18/20
  6274 | D:5      | Found a basalt altar of Yredelemnul.
  6855 | D:6      | Found a glowing drain.
  6875 | Sewer    | Entered a sewer
  7754 | D:6      | Reached skill level 9 in Stealth
  8029 | D:6      | Lost mutation: Your body sometimes deteriorates upon taking
                  | damage. [potion of mutation]
  8029 | D:6      | Gained mutation: You are partially covered in iridescent
                  | scales. (AC +2) [potion of mutation]
  8068 | D:6      | Reached ** piety under Dithmenos
  8517 | D:6      | Found a sparkling altar of Nemelex Xobeh.
  8575 | D:7      | Reached skill level 10 in Stealth
  8576 | D:7      | Noticed Menkaure
  8748 | D:7      | Reached XP level 9. HP: 39/39 MP: 10/23
  9079 | D:7      | Killed Menkaure
  9080 | D:7      | Reached skill level 1 in Fighting
  9362 | D:7      | Noticed Joseph
  9388 | D:7      | Killed Joseph
  9572 | D:7      | Reached skill level 11 in Stealth
  9955 | D:8      | Reached *** piety under Dithmenos
  9962 | D:8      | Reached skill level 10 in Hexes
 10016 | D:8      | Noticed Erica
 10021 | D:8      | Killed Erica
 10022 | D:8      | Reached skill level 5 in Dodging
 10022 | D:8      | Reached XP level 10. HP: 47/47 MP: 24/24
 10043 | D:8      | Noticed Pikel
 10059 | D:8      | Killed Pikel
 10060 | D:8      | Reached skill level 10 in Spellcasting
 10340 | D:8      | Noticed Grum
 10349 | D:8      | Killed Grum
 10400 | D:8      | Reached skill level 12 in Stealth
 10973 | D:9      | Found a hazy altar of Hepliaklqana.
 11076 | D:9      | Found a flagged portal.
 11078 | D:9      | Reached **** piety under Dithmenos
 11089 | Bailey   | Entered a bailey
 11104 | Bailey   | Reached skill level 5 in Short Blades
 11194 | Bailey   | Noticed an orc knight
 11206 | Bailey   | Killed an orc knight
 11213 | Bailey   | Noticed an orc knight
 11219 | Bailey   | Noticed an orc knight
 11227 | Bailey   | Killed an orc knight
 11243 | Bailey   | Slain by an orc knight

Illustrated notes

Levels and vault maps discovered:
D:1:      minmay_arrival_cross, layout_basic, serial_shops,
          nicolae_shop_bloodbath_and_beyond, nicolae_shop_statue_plus,
          nicolae_shop_hallway_stairs, shop, chequers_ecumenical_altar_island,
          minmay_misc_feat_hallway, minmay_pentomino_s2
D:2:      layout_basic, amcnicky_mini_pool_small, uniq_robin
D:3:      layout_rooms, vehumet_crystals
D:4:      layout_rooms, nicolae_dithmenos_through_a_glass_darkly,
          mainiacjoe_overflow_catwalk_spiral, serial_co_window_serial,
          co_window_paths_a, co_window_corner_a, co_window_of_opportunity_a,
          co_window_paths_a, co_window_corner_a, co_window_of_opportunity_b,
          co_window_broadway_a, co_window_corner_b, co_window_paths_c,
          co_window_paths_e, co_window_4corner_b, minmay_bisected
D:5:      layout_basic, overflow_temple_1_default,
          nicolae_uskayaw_murder_on_the_dancefloor, minmay_temple_entry_ruins,
          nicolae_ossuary_entry_catacombs
D:6:      layout_basic, kennysheep_little_box, cheibrodos_sewer_entry_sluice
D:7:      layout_basic, minmay_ruffians, uniq_menkaure, uniq_joseph
D:8:      layout_gridville, uniq_grum, uniq_pikel, uniq_erica
D:9:      layout_rooms, nicolae_overflow_crystal_walls, enter_bailey_3
Bailey:   bailey_polearm_5, bailey

Skill      XL: |  1  2  3  4  5  6  7  8  9 10 |
---------------+-------------------------------+-----
Spellcasting   | 3 4 5 6 7 9 10 | 10.8
Hexes          | 4 5 6 7 9 10 11 | 11.0
Stealth        | 5 6 8 10 11 12 | 12.8
Dodging        | 5 7 |  7.0
Fighting       | 2 3 |  3.9
Short Blades   | 3 5 |  5.5

Action                   |  1- 3 |  4- 6 |  7- 9 | 10-12 || total
-------------------------+-------+-------+-------+-------++-------
Melee: Dagger            |   109 |    96 |   275 |   128 ||   608
       Punch             |       |       |     4 |     4 ||     8
 Cast: Ensorcelled Hiber |     5 |    18 |    49 |    22 ||    94
       Confusing Touch   |       |     2 |    19 |     1 ||    22
       Tukima's Dance    |       |     1 |    11 |    20 ||    32
Evoke: Wand              |       |       |     3 |       ||     3
  Use: Scroll            |    12 |     7 |    12 |     2 ||    33
       Potion            |     1 |     1 |     6 |     3 ||    11
 Stab: Sleeping          |    15 |    22 |    49 |    28 ||   114
       Confused          |       |     2 |    14 |       ||    16
       Invisible         |       |       |       |    15 ||    15
Armor: Robe              |    12 |     7 |    25 |    13 ||    57
Dodge: Dodged            |    73 |    54 |   177 |    91 ||   395

Table legend: (Time is in decaauts)
 A = Elapsed time spent in this place.
 B = Non-inter-level travel time spent in this place.
 C = Inter-level travel time spent in this place.
 D = Time resting spent in this place.
 E = Time spent auto-exploring this place.
 F = Levels seen in this place.
 G = Mean time per level.
                   A        B        C        D        E       F      G
               +--------+--------+--------+--------+--------+-----+--------+
         Total |   8651 |   8388 |    263 |    950 |   5443 |  12 |  720.9 |
       Dungeon |   7428 |   7165 |    263 |    629 |   4932 |   9 |  825.3 |
         Sewer |    571 |    571 |      0 |      0 |    445 |   1 |  571.0 |
       Ossuary |    538 |    538 |      0 |    320 |     65 |   1 |  538.0 |
        Bailey |    112 |    112 |      0 |      0 |      0 |   1 |  112.0 |
               +--------+--------+--------+--------+--------+-----+--------+

Top non-repeatable levels by time:
     D:6: 1142 daAuts
     D:4: 1117 daAuts
     D:1: 1067 daAuts
     D:8: 923 daAuts
     D:5: 879 daAuts
     D:7: 857 daAuts
     D:2: 763 daAuts
   Sewer: 571 daAuts
 Ossuary: 538 daAuts
     D:3: 528 daAuts
     D:9: 148 daAuts
  Bailey: 112 daAuts
